 Dungeon Crawl Stone Soup version 0.30.0-5-g1a98f26d00 (webtiles) character file.

Game seed: 143072350045684793

159 dialectric the Covert (level 5, -1/36 HPs)
             Began as an Octopode Delver on May 8, 2023.
             Succumbed to a scorpion's poison
             ... on level 4 of the Dungeon.
             The game lasted 00:03:20 (588 turns).

dialectric the Covert (Octopode Delver)              Turns: 588, Time: 00:03:20

Health: -1/36      AC:  1    Str: 11    XL:     5   Next: 40%
Magic:  5/5        EV: 13    Int: 13    God:
Gold:   85         SH:  0    Dex: 15    Spells: 4/4 levels left

rFire   . . .        a - +0 short sword
rCold   . . .        (no shield)
rNeg    . . .        (helmet restricted)
rPois   .            (no amulet)
rElec   .            (no ring)
rCorr   .            (no ring)
SInv    .            (no ring)
Will    .....        (no ring)
Stlth   +++++        (no ring)
HPRegen 0.26/turn    (no ring)
MPRegen 0.09/turn    (no ring)
                     (no ring)

%: no passive effects
@: mighty, brilliant, lethally poisoned (-1 -> -8)
A: almost no armour, amphibious, 8 rings, camouflage 1, gelatinous body 1,
(nimble swimmer 1), tentacles
a: no special abilities


You were on level 4 of the Dungeon.
You visited 1 branch of the dungeon, and saw 3 of its levels.

You collected 85 gold pieces.

Inventory:

Hand Weapons
 a - a +0 short sword (weapon)
 j - a +0 long sword
Missiles
 g - 6 poisoned darts (quivered)
Jewellery
 k - a +6 ring of intelligence
Wands
 f - a wand of digging (3)
Scrolls
 b - 2 scrolls of fog
 c - a scroll of magic mapping
 i - a scroll of identify {unknown}
Potions
 e - a potion of haste
 h - 2 potions of brilliance


   Skills:
 + Level 3.6 Fighting
 + Level 2.6 Short Blades
 + Level 2.2 Dodging
 + Level 8.9 Stealth


You had 4 spell levels left.
You didn't know any spells.
Your spell library was empty.

Dungeon Overview and Level Annotations

Branches:
Dungeon (6/15)
 Temple: D:4-7

Altars:
Qazlal
Sif Muna
Xom

Portals:
Sewer: D:4

Annotations:
D:6 Grinder, Pikel


Innate Abilities, Weirdness & Mutations

You cannot wear most types of armour.
You are amphibious.
You can wear up to eight rings at the same time.
Your skin changes colour to match your surroundings (Stealth+).
Your rubbery body absorbs attacks. (AC +1, EV +1)
((You are camouflaged when in or above water. (Stealth+)))
You have tentacles for arms and can constrict up to eight enemies at once.


Message History

You are poisoned.
The scorpion poisons you!
You hit the scorpion but do no damage.
The scorpion is almost dead.
You constrict the scorpion, but do no damage.
You feel sick. The scorpion barely misses you.
You hit the scorpion.
The scorpion is almost dead.
You constrict the scorpion.
You feel sick. The scorpion stings you.
You are lethally poisoned!
The scorpion poisons you! The scorpion barely misses you.
You hit the scorpion. Your squeeze misses the scorpion.
The scorpion is almost dead.
You constrict the scorpion, but do no damage.
* * * LOW HITPOINT WARNING * * *
You feel very sick. The scorpion barely misses you.
You hit the scorpion but do no damage.
The scorpion is almost dead.
You constrict the scorpion.
You kill the scorpion!
* * * LOW HITPOINT WARNING * * *
You feel very sick.
You have reached level 5!
You feel clever.
Unknown command.
It was a potion of might.
You feel very mighty all of a sudden.
* * * LOW HITPOINT WARNING * * *
You feel very sick. The ball python closely misses you.
The ball python barely misses you.
You closely miss the ball python. You grab the ball python.
You constrict the ball python.
* * * LOW HITPOINT WARNING * * *
You feel sick. The ball python bites you.
* * * LOW HITPOINT WARNING * * *
The ball python closely misses you.
It was a potion of magic.
Magic courses through your body.
You constrict the ball python.
You die...

#........... #
####+#........... ..
..............# .#####...
..............# .........
......P...#######......#
##....P.......>.......###
#.###.P...####..........
# ####### #...$......
########@.........
.......S######)###
.......K# .. ........# ##
........# ........#
.$......# .........
........#


You could see a ball python and a kobold.

Vanquished Creatures
  A scorpion (D:4)
  A hound (D:6)
  2 scorpion zombies (D:4)
  An adder (D:5)
  2 adder skeletons (D:4)
  A hobgoblin (D:4)
8 creatures vanquished.

Notes
Turn   | Place    | Note
-------+----------+-------------------------------------------
     0 | D:5      | dialectric the Octopode Delver began the quest for the Orb.
     0 | D:5      | Reached XP level 1. HP: 16/16 MP: 1/1
    17 | D:5      | Found a shimmering blue altar of Sif Muna.
    17 | D:5      | Noticed a phantom
    75 | D:6      | Noticed a lemure
   183 | D:6      | Found a shimmering altar of Xom.
   183 | D:6      | Found a shimmering altar of Xom.
   194 | D:6      | Noticed a hound
   199 | D:6      | Killed a hound
   200 | D:6      | Reached skill level 7 in Stealth
   200 | D:6      | Reached XP level 2. HP: 6/21 MP: 2/2
   200 | D:6      | Reached XP level 3. HP: 8/26 MP: 3/3
   323 | D:6      | Noticed a lemure
   326 | D:6      | Noticed Grinder
   327 | D:6      | Noticed Pikel
   402 | D:5      | Found a stormy altar of Qazlal.
   535 | D:4      | Found a glowing drain.
   548 | D:4      | Noticed a scorpion
   563 | D:4      | Reached skill level 8 in Stealth
   563 | D:4      | Reached XP level 4. HP: 23/31 MP: 4/4
   585 | D:4      | Killed a scorpion
   586 | D:4      | Reached XP level 5. HP: 6/36 MP: 5/5
   587 | D:4      | HP: 1/36 [ball python (1)]
   588 | D:4      | Succumbed to a scorpion's poison

Illustrated notes

Levels and vault maps discovered:
D:4:      gammafunk_steamed_eel, layout_basic, lemuel_crystal_altar,
          nicolae_ru_sacrificial_ziggurat, cheibrodos_worm_habitat,
          minmay_temple_entry_trees, serial_undead, serial_undead_e,
          serial_undead_c, serial_undead_d, serial_undead_b, serial_undead_e,
          serial_undead_e, serial_undead_a, serial_undead_a, serial_shops, shop,
          portal_sewer_entry_a, kennysheep_path_1
D:5:      layout_rooms, nicolae_overflow_crystal_walls,
          nicolae_sif_muna_little_library
D:6:      nicolae_BIG_FREAKIN_CUBE, layout_gridville,
          mainiacjoe_overflow_alcove_4, xom_redecorated,
          amcnicky_mini_pool_small, uniq_pikel, uniq_grinder

Skill      XL: |  1  2  3 |
---------------+----------+-----
Stealth        | 7 8 |  8.9
Fighting       | |  3.6
Short Blades   | |  2.6
Dodging        | |  2.2

Action                     |  1- 3 |  4- 6 || total
---------------------------+-------+-------++-------
  Melee: Short sword       |    17 |    24 ||    41
         Tentacles         |     6 |     6 ||    12
         Constrict         |     4 |     4 ||     8
    Use: Potion            |     1 |     2 ||     3
         Scroll            |     1 |       ||     1
   Stab: Sleeping          |     2 |       ||     2
 Armour: Skin              |     1 |       ||     1
  Dodge: Dodged            |    10 |    19 ||    29
